Map: Orbital Shipyard

Players

LilDicky - Winner!

  • Race: Terran Terran
  • League: Diamond

Phoverlord

  • Race: Protoss Protoss
  • League: Diamond

VOD

http://www.twitch.tv/tumescentpie

Description

Time

  • Played on: Dec. 11, 2015, 1:43 p.m.
  • Length: 6:07
Show
View Real Time Build Order
Export as new Build Order

LilDicky Terran - Winner!

Build Orders: MMM Bio 

Get SALT Encoding   

  12  0:07  SCV  
  13  0:19  SCV  
  14  0:24  Supply Depot  
  14  0:26  Refinery  
  14  0:31  SCV  
  15  0:46  SCV  
  16  0:50  Barracks  
  16  1:01  SCV  
  17  1:13  SCV  
  18  1:25  SCV  
  19  1:38  Marine  
  19  1:39  Orbital Command  
  20  1:40  Supply Depot  
  20  1:42  Factory  
  20  1:55  Marine  
  21  2:04  Barracks  
  21  2:08  Barracks  
  21  2:11  SCV  
  22  2:23  Barracks Reactor  
  22  2:27  SCV  
  23  2:30  Refinery  
  23  2:36  Supply Depot  
  23  2:41  SCV  
  24  2:52  Widow Mine  
  24  2:53  SCV  
  27  3:05  SCV  
  27  3:06  Barracks Tech Lab x2, Marine x2  
  27  3:08  Supply Depot  
  29  3:17  SCV  
  30  3:21  Widow Mine  
  32  3:30  SCV  
  32  3:33  Marauder x2  
  32  3:34  Combat Shields, Stimpack  
  37  3:37  Marine  
  37  3:40  Marine  
  39  3:46  SCV  
  40  3:59  Marauder, Marine x2  
  40  4:00  Marauder  
  46  4:05  Starport  
  46  4:08  SCV  
  47  4:17  Marine x2  
  47  4:20  SCV  
  50  4:33  Marauder  
  50  4:35  Marine  
  55  4:44  Supply Depot  
  54  5:01  Medivac  
  54  5:05  Marine x2  
  54  5:06  Marauder x2  
  59  5:23  Marine  
  59  5:24  SCV  
  59  5:26  Supply Depot  
  61  5:51  Supply Depot  
Show
View Real Time Build Order
Export as new Build Order

Phoverlord Protoss 

Build Orders: 1 Gate Expand 

Get SALT Encoding   

  12  0:01  Probe (Chrono Boost)  
  13  0:11  Probe (Chrono Boost)  
  14  0:22  Pylon  
  14  0:23  Probe (Chrono Boost)  
  15  0:40  Probe (Chrono Boost)  
  15  0:42  Gateway  
  16  0:49  Assimilator  
  16  0:50  Probe (Chrono Boost)  
  17  1:01  Probe (Chrono Boost)  
  18  1:11  Probe (Chrono Boost)  
  19  1:23  Nexus  
  19  1:27  Probe (Chrono Boost)  
  20  1:33  Cybernetics Core  
  20  1:38  Probe (Chrono Boost)  
  21  1:42  Assimilator  
  21  1:48  Probe (Chrono Boost)  
  21  1:53  Pylon  
  22  1:59  Probe (Chrono Boost)  
  23  2:13  Mothership Core (Chrono Boost)  
  25  2:22  Warp Gate  
  25  2:29  Adept  
  27  2:32  Probe (Chrono Boost)  
  27  2:34  Gateway  
  28  2:40  Probe (Chrono Boost)  
  29  2:53  Probe x2 (Chrono Boost)  
  31  3:04  Stalker, Probe x2 (Chrono Boost)  
  35  3:11  Pylon  
  35  3:14  Probe (Chrono Boost)  
  34  3:44  Probe (Chrono Boost), Robotics Facility  
  34  3:45  Pylon  
  34  3:47  Stalker  
  37  3:49  Probe (Chrono Boost)  
  37  3:55  Probe (Chrono Boost)  
  39  4:00  Probe (Chrono Boost)  
  36  4:05  Probe (Chrono Boost)  
  36  4:09  Assimilator  
  37  4:11  Probe (Chrono Boost)  
  37  4:15  Assimilator  
  37  4:16  Probe (Chrono Boost)  
  39  4:21  Probe (Chrono Boost)  
  40  4:26  Probe (Chrono Boost)  
  40  4:28  Pylon  
  40  4:29  Forge  
  36  4:32  Probe (Chrono Boost)  
  36  4:35  Observer  
  36  4:37  Probe (Chrono Boost)  
  39  4:50  Probe x2 (Chrono Boost)  
  41  5:00  Probe (Chrono Boost)  
  41  5:01  Probe (Chrono Boost)  
  37  5:11  Probe (Chrono Boost)  
  38  5:16  Gateway  
  38  5:19  Gateway  
  38  5:21  Probe (Chrono Boost)  
  39  5:23  Robotics Bay  
  39  5:24  Probe (Chrono Boost)  
  40  5:30  Adept x2  
  40  5:31  Probe (Chrono Boost)  
  40  5:35  Probe (Chrono Boost)  
  46  5:37  Observer  
  46  5:42  Probe (Chrono Boost)  
  48  5:47  Probe (Chrono Boost)  
  49  5:52  Probe (Chrono Boost)  
  50  5:57  Adept x2  
Tags
 
Add a new tag
Caveats
  • Supply blocks, unpowered buildings, or Contaminate may cause inaccurate times.
  • Supply counts are checked every 10 seconds.